 Dungeon Crawl Stone Soup version 0.26-a0-252-gb32a1a6195 (webtiles) character file.

Game seed: 7520830711695582990

3231 Gargoyl the Schismatic (level 9, -3/74 HPs)
             Began as a Centaur Abyssal Knight on July 9, 2020.
             Was an Elder of Lugonu.
             Slain by Psyche
             ... wielding a +0 dagger of chaos
              (4 damage)
             ... while paralysed by Psyche
             ... on level 9 of the Dungeon.
             The game lasted 00:11:06 (8892 turns).

Gargoyl the Schismatic (Centaur Abyssal Knight)     Turns: 8892, Time: 00:11:06

Health: -3/74      AC: 13    Str: 17    XL:     9   Next: 66%
Magic:  13/13      EV:  1    Int: 21    God:    Lugonu [****..]
Gold:   544        SH:  0    Dex: 10    Spells: 8/8 levels left

rFire    . . .     SeeInvis .   v - +4 rapier "Dragonslayer" {vamp, rPois Int+4}
rCold    . . .     Faith    .   g - +3 buckler
rNeg     + . .     Spirit   .   p - +0 ring mail
rPois    +         Reflect  +   w - +2 helmet
rElec    .         Harm     .   B - +2 cloak
rCorr    .                      (no gloves)
MR       .....                  (no barding)
Stlth    ..........             F - amulet of reflection
HPRegen  0.22/turn              f - +6 ring of intelligence
MPRegen  0.13/turn              s - ring of positive energy

@: paralysed, very slightly contaminated, lightly drained, very quick
A: large, hooves 3, deformed body, speed 2, tough skin 3
a: Depart the Abyss, Bend Space, Banish, Corrupt, Renounce Religion


You were on level 9 of the Dungeon.
You worshipped Lugonu.
Lugonu was greatly pleased with you.
You were full.

You visited 1 branch of the dungeon, and saw 9 of its levels.
You visited the Abyss 1 time.

You collected 544 gold pieces.

Inventory:

Hand Weapons
 a - a +5 hand axe
 v - the +4 rapier "Dragonslayer" (weapon) {vamp, rPois Int+4}
   (You found it on level 4 of the Dungeon)

   It inflicts no extra harm, but heals its wielder when it wounds a living foe.
   It affects your intelligence (+4).
   It protects you from poison.
 x - a +1 hand axe of electrocution
Armour
 g - a +3 buckler (worn)
 p - a +0 ring mail (worn)
 w - a +2 helmet (worn)
 B - a +2 cloak (worn)
Jewellery
 f - a +6 ring of intelligence (left hand)
 s - a ring of positive energy (right hand)
 C - a cursed amulet of inaccuracy {unknown}
 F - an amulet of reflection (around neck)
Wands
 l - a wand of digging (6)
 u - a wand of paralysis (6)
 z - a wand of disintegration (16)
 A - a wand of random effects (27)
Scrolls
 b - a scroll of fog
 e - a scroll of fear
 j - a scroll of identify
 n - a scroll of magic mapping
 q - 6 scrolls of teleportation
 r - 3 scrolls of remove curse
 y - 2 scrolls of enchant armour
Potions
 d - 2 potions of might
 h - 3 potions of heal wounds
 i - a potion of lignification
 k - 2 potions of curing
 m - 2 potions of brilliance {unknown}
 o - 2 potions of flight {unknown}
 t - 2 potions of haste {unknown}
 D - a potion of berserk rage {unknown}
 E - a potion of magic {unknown}
Comestibles
 c - 27 rations


   Skills:
 + Level 5.3(5.2) Fighting
 + Level 5.1(5.0) Short Blades
 + Level 3.5(3.4) Axes
 * Level 5.4(5.3) Armour
 + Level 2.5 Dodging
 * Level 4.2(4.1) Shields
 * Level 6.0(5.9) Invocations


You had 8 spell levels left.
You didn't know any spells.
Your spell library contained the following spells:

 Spells                   Type           Power        Failure   Level
 Corona                   Hex            #......      30%         1
 Freeze                   Ice            #...         30%         1
 Ensorcelled Hibernation  Hex/Ice        #.....       43%         2
 Confusing Touch          Hex            #.......     67%         3
 Dazzling Flash           Conj/Hex       #.....       67%         3
 Frozen Ramparts          Ice            #.....       67%         3
 Gell's Gravitas          Tloc           #.........   67%         3
 Ozocubu's Armour         Chrm/Ice       #.......     67%         3
 Tukima's Dance           Hex            #.......     67%         3
 Hailstorm                Conj/Ice       #.......     97%         4
 Petrify                  Tmut/Erth      #.......     97%         4
 Summon Ice Beast         Ice/Summ       #.......     97%         4
 Metabolic Englaciation   Hex/Ice        #.........   100%        5
 Yara's Violent Unravell  Hex/Tmut       #.........   100%        5


Dungeon Overview and Level Annotations

Branches:
Dungeon (9/15)             Temple (0/1) D:6
   Lair: D:8-11         Orc: D:9-12

Altars:
Ashenzari
Cheibriados
Gozag
Makhleb
Qazlal
Ru
Trog
Uskayaw
Vehumet
Wu Jian
Xom
Zin

Shops:
D:8 *

Annotations:
D:5 2 transporters
D:9 Psyche


Innate Abilities, Weirdness & Mutations

You have hooves in place of feet.
Armour fits poorly on your strangely shaped body.
You cover ground very quickly.
You have extremely tough skin. (AC +3)


Message History

You block the orc warrior's attack.
You barely miss the orc warrior. You kick the orc warrior.
The orc warrior is severely wounded.
The orc warrior hits you with a +0 halberd.
You puncture the orc warrior!
You kill the orc warrior!
Lugonu accepts your kill. Something hits you but does no damage.
You suddenly lose the ability to move!
Something hits you.
* * * LOW HITPOINT WARNING * * *
Something freezes you.
* * * LOW HITPOINT WARNING * * *
Something hits you but does no damage. Something hits you.
* * * LOW HITPOINT WARNING * * *
You are electrocuted!
* * * LOW HITPOINT WARNING * * *
Something hits you but does no damage. Something hits you.
You die...

#.#..####..# #†#####
#.#........# ####.##
#.#.######.####.....#
#.# #...)....)..(.#
#.# #...........(.#
#.# #....>...###.##
#.#.(..........# #.#
#####.##############
#.#
#.........)@.......
...
#.....).).#########
#.. #.........+
#.........#
#.........#
#.........#
#.........#
#.........#
#####.#####


There were no monsters in sight!

Vanquished Creatures
  A troll (D:9)
  Grinder (D:4)
  A hornet (D:8)
  The ghost of Elizilla the Ruffian, an amateur TrMo of Okawaru (D:5)
  Edmund (D:5)
  An orc warrior (D:9)
  2 ice beasts
  3 sky beasts
  A black bear (D:9)
  4 ogres
  Blork the orc (D:4)
  2 big kobolds (D:7)
  2 bullfrogs
  2 scorpions
  6 killer bees (D:9)
  A jelly (D:8)
  A centaur zombie (D:9)
  2 hounds (D:7)
  2 orc priests
  2 bullfrog skeletons
  2 centaur skeletons
  2 orc wizards (D:6)
  7 worker ants
  A mummy (D:7)
  Robin (D:4)
  5 adders
  A shadow imp (D:7)
  3 ufetubi
  2 oozes
  An adder zombie (D:6)
  A worm (D:2)
  2 dart slugs (D:1)
  7 leopard geckos
  11 orcs
  6 bats
  2 giant cockroaches
  24 goblins
  11 hobgoblins
  A jackal (D:6)
  3 quokkas
  A frilled lizard (D:4)
  A giant cockroach zombie (D:5)
  15 kobolds
  A leopard gecko skeleton (D:5)
  2 quokka skeletons
  13 rats
163 creatures vanquished.

Vanquished Creatures (collateral kills)
  A jackal (D:6)
1 creature vanquished.

Vanquished Creatures (others)
  An orc priest (D:9)
  An orc wizard (D:9)
  A leopard gecko (D:4)
3 creatures vanquished.

Grand Total: 167 creatures vanquished

Notes
Turn   | Place    | Note
-------+----------+-------------------------------------------
     0 | Abyss:1  | Gargoyl the Centaur Abyssal Knight began the quest for the
                  | Orb.
     0 | Abyss:1  | Reached XP level 1. HP: 19/19 MP: 2/2
    13 | Abyss:2  | Found a corrupted altar of Lugonu.
    46 | D:1      | Escaped the Abyss
   407 | D:1      | Reached XP level 2. HP: 23/26 MP: 3/3
   507 | D:1      | Reached * piety under Lugonu
   626 | D:1      | Reached skill level 1 in Dodging
   949 | D:1      | Reached XP level 3. HP: 28/31 MP: 4/4
  1582 | D:2      | Reached XP level 4. HP: 35/39 MP: 5/5
  1984 | D:2      | Reached ** piety under Lugonu
  2150 | D:2      | Found a burning altar of Makhleb.
  2407 | D:2      | Found a glowing silver altar of Zin.
  2840 | D:3      | Found a radiant altar of Vehumet.
  2840 | D:3      | Found a bloodstained altar of Trog.
  3405 | D:4      | Found a stormy altar of Qazlal.
  3458 | D:4      | Reached skill level 1 in Shields
  3458 | D:4      | Reached skill level 3 in Invocations
  3458 | D:4      | Reached XP level 5. HP: 46/46 MP: 7/7
  3520 | D:4      | Noticed Grinder
  3535 | D:4      | Paralysed by Grinder for 3 turns
  3540 | D:4      | Killed Grinder
  3540 | D:4      | Reached XP level 6. HP: 34/52 MP: 8/8
  3934 | D:4      | Got an ichor-stained rapier
  3935 | D:4      | Identified the +4 rapier "Dragonslayer" {vamp, rPois Int+4}
                  | (You found it on level 4 of the Dungeon)
  3941 | D:4      | Noticed Robin
  4213 | D:4      | Killed Robin
  4244 | D:4      | Found a hide-covered altar of Uskayaw.
  4469 | D:4      | Reached XP level 7. HP: 59/59 MP: 9/9
  4601 | D:4      | Noticed Blork the orc
  4610 | D:4      | Killed Blork the orc
  4725 | D:4      | Found a shattered altar of Ashenzari.
  4907 | D:5      | Entered Level 5 of the Dungeon
  5045 | D:5      | Reached skill level 1 in Short Blades
  5049 | D:5      | Reached *** piety under Lugonu
  5122 | D:5      | Reached skill level 4 in Invocations
  5243 | D:5      | Found a transporter.
  5243 | D:5      | Noticed Elizilla's ghost (amateur TrMo)
  5243 | D:5      | Identified the +9 great mace of Malaise {drain, rF++ Str+4
                  | Int+3}
  5247 | D:5      | Found a transporter.
  5271 | D:5      | Killed Elizilla's ghost
  5474 | D:5      | Reached XP level 8. HP: 42/66 MP: 11/11
  5637 | D:5      | Found a transporter.
  5730 | D:5      | Found a transporter.
  5750 | D:5      | Noticed Edmund
  5766 | D:5      | Killed Edmund
  5932 | D:6      | Found a shimmering altar of Xom.
  6088 | D:6      | Found a staircase to the Ecumenical Temple.
  6816 | D:7      | Reached skill level 5 in Invocations
  6872 | D:7      | Found a snail-covered altar of Cheibriados.
  7161 | D:7      | Reached skill level 5 in Fighting
  7161 | D:7      | Reached XP level 9. HP: 58/74 MP: 12/12
  7307 | D:7      | Reached skill level 5 in Armour
  7535 | D:7      | Found an ornate altar of the Wu Jian Council.
  7711 | D:8      | Found an opulent altar of Gozag.
  7714 | D:8      | Found Gozag's Platinum Reserve.
  7840 | D:8      | Found a stormy altar of Qazlal.
  8261 | D:8      | Reached **** piety under Lugonu
  8348 | D:9      | Noticed a troll
  8359 | D:9      | Killed a troll
  8582 | D:9      | Found a sacrificial altar of Ru.
  8641 | D:9      | Reached skill level 5 in Short Blades
  8657 | D:9      | Reached skill level 6 in Invocations
  8857 | D:9      | Noticed Psyche
  8889 | D:9      | Paralysed by something for 5 turns
  8891 | D:9      | HP: 1/74 [something (17)]
  8892 | D:9      | Slain by Psyche

Illustrated notes

Levels and vault maps discovered:
D:1:      dpeg_arrival_rooms_a, layout_rooms
D:2:      kennysheep_the_goblin_king, layout_loops_corners,
          lemuel_crystal_altar, first_ration, bloody_makhleb
D:3:      layout_basic, gammafunk_temple_overflow_pools
D:4:      layout_loops_ring, overflow_temple_1_default,
          eat_drink_and_be_merry_uskayaw, grunt_qazlal_clouds, uniq_grinder,
          uniq_robin, uniq_blork_the_orc
D:5:      gammafunk_steamed_eel, layout_loops_ring, gammafunk_ghost_smash,
          uniq_edmund
D:6:      layout_rooms, lemuel_round_altar, minmay_temple_entry_mini_moons
D:7:      layout_loops_corners, lemuel_round_altar, slow_altar_1
D:8:      layout_basic, nicolae_gozag_zags_fifth_avenue, basic_altar
D:9:      layout_basic, okawaru_trees_2, nicolae_overflow_crystal_walls,
          grunt_lair_entry_orc_guard_hut, uniq_gastronok, uniq_psyche

Skill      XL: |  1  2  3  4  5  6  7  8  9 |
---------------+----------------------------+-----
Dodging        | 1 2 |  2.5
Axes           | 2 3 |  3.5
Armour         | 2 3 4 5 |  5.4
Shields        | 1 2 3 4 |  4.2
Invocations    | 3 4 5 6 |  6.0
Fighting       | 4 5 |  5.3
Short Blades   | 2 4 5 |  5.1

Action                   |  1- 3 |  4- 6 |  7- 9 || total
-------------------------+-------+-------+-------++-------
Melee: Hand axe          |    65 |    79 |       ||   144
       Kick              |     9 |    25 |    65 ||    99
       Rapier            |       |    59 |   353 ||   412
Invok: Depart the Abyss  |     1 |       |       ||     1
  Use: Scroll            |     4 |     8 |    15 ||    27
       Potion            |       |       |     1 ||     1
 Stab: Distracted        |       |       |     1 ||     1
  Eat: Ration            |     1 |     2 |     4 ||     7
Armor: Leather armour    |    47 |    13 |       ||    60
       Ring mail         |       |    26 |   131 ||   157
       Skin              |       |       |    40 ||    40
Dodge: Dodged            |    37 |    43 |   100 ||   180
Block: Buckler           |    15 |    29 |   171 ||   215
       Reflection        |       |       |     1 ||     1

Table legend:
 A = Non-vault XP
 B = Vault XP
 C = Vault XP percentage of total XP
 D = Non-vault monster count
 E = Vault monster count
 F = Vault count percentage of total count
                 A         B        C        D         E       F
            +---------+---------+-------+---------+---------+-------
      Total |    3688 |     929 |  20.1 |     140 |      25 |  15.2
            +---------+---------+-------+---------+---------+-------
        D:1 |      52 |       0 |   0.0 |      27 |       0 |   0.0
        D:2 |     108 |      13 |  10.7 |      23 |       7 |  23.3
        D:3 |       9 |       0 |   0.0 |       5 |       0 |   0.0
        D:4 |     261 |     404 |  60.8 |      16 |      14 |  46.7
        D:5 |     398 |     494 |  55.4 |       7 |       3 |  30.0
        D:6 |     216 |       0 |   0.0 |       8 |       0 |   0.0
        D:7 |     977 |      18 |   1.8 |      26 |       1 |   3.7
        D:8 |     497 |       0 |   0.0 |      12 |       0 |   0.0
        D:9 |    1170 |       0 |   0.0 |      16 |       0 |   0.0
            +---------+---------+-------+---------+---------+-------
